 Dungeon Crawl Stone Soup version 0.25-a0-339-gb37b713d4c (webtiles) character file.

Game seed: 141521152450608271, levelgen mode: deterministic

2244 pk666 the Thaumaturge (level 9, -2/45 HPs)
             Began as a Deep Elf Wizard on Dec 28, 2019.
             Was a Follower of Vehumet.
             Killed from afar by an electric eel (15 damage)
             ... with a bolt of electricity
             ... on level 8 of the Dungeon.
             The game lasted 00:17:59 (9293 turns).

pk666 the Thaumaturge (Deep Elf Wizard)             Turns: 9293, Time: 00:18:00

Health: -2/45      AC:  5    Str:  4    XL:     9   Next: 14%
Magic:  7/24       EV: 14    Int: 27    God:    Vehumet [*.....]
Gold:   332        SH:  0    Dex: 13    Spells: 18/27 levels left

rFire    + . .     SeeInvis .   G - +1 dagger (venom)
rCold    + . .     Gourm    .   (no shield)
rNeg     + . .     Faith    .   E - +2 robe {rC+ rF+}
rPois    .         Spirit   .   b - +0 hat
rElec    .         Reflect  .   (no cloak)
rCorr    .         Harm     .   (no gloves)
MR       .....                  w - +0 pair of boots
Stlth    +.........             (no amulet)
HPRegen  0.15/turn              B - ring of positive energy
MPRegen  0.19/turn              o - ring of wizardry

@: very slow
A: no striking features
a: Renounce Religion


You were on level 8 of the Dungeon.
You worshipped Vehumet.
Vehumet was aware of your devotion.
You were not hungry.

You visited 2 branches of the dungeon, and saw 9 of its levels.

You collected 332 gold pieces.

Inventory:

Hand Weapons
 n - a +3 dagger of holy wrath
 G - a +1 dagger of venom (weapon)
Armour
 b - a +0 hat (worn)
 w - a +0 pair of boots (worn)
 E - a +2 robe of resistance (worn)
Jewellery
 m - an uncursed ring of flight
 o - a ring of wizardry (right hand)
 q - an uncursed ring of resist corrosion
 B - a ring of positive energy (left hand)
Wands
 t - a wand of polymorph (12)
 y - a wand of digging (3)
 A - a wand of enslavement (9)
 H - a wand of random effects (14)
Scrolls
 c - 5 scrolls of remove curse
 e - 4 scrolls of amnesia
 l - 3 scrolls of teleportation
 p - a scroll of identify
 v - a scroll of fog
 z - a scroll of enchant armour {unknown}
 C - a scroll of fear {unknown}
 D - a scroll of enchant weapon {unknown}
 I - a scroll of torment {unknown}
Potions
 a - 2 potions of resistance
 f - 2 potions of brilliance
 g - a potion of haste {unknown}
 h - 2 potions of lignification {unknown}
 i - 5 potions of curing
 j - 3 potions of heal wounds
 k - 2 potions of mutation {unknown}
 r - a potion of berserk rage {unknown}
 s - 2 potions of might {unknown}
 u - a potion of flight {unknown}
 x - 2 potions of invisibility {unknown}
Comestibles
 d - 9 rations


   Skills:
 + Level 5.1 Dodging
 - Level 2.4 Stealth
 + Level 9.5 Spellcasting
 + Level 7.1 Conjurations
   Level 1.1 Summonings
 - Level 1.1 Translocations
 + Level 6.1 Fire Magic
 - Level 2.1 Air Magic
 - Level 3.0 Poison Magic


You had 18 spell levels left.
You knew the following spells:

 Your Spells              Type           Power        Failure   Level  Hunger
a - Magic Dart            Conj           ####         1%          1    None
b - Blink                 Tloc           N/A          1%          2    None
c - Conjure Flame         Conj/Fire      #####...     1%          3    None
d - Mephitic Cloud        Conj/Pois/Air  #####...     1%          3    None

Your spell library contained the following spells:

 Spells                   Type           Power        Failure   Level  Hunger
 Shock                    Conj/Air       ####         1%          1    None
 Corona                   Hex            ##.....      1%          1    None
 Call Imp                 Summ           ###.....     1%          2    None
 Dazzling Flash           Conj/Hex       ####..       1%          3    None
 Ensorcelled Hibernation  Hex/Ice        ##....       2%          2    None
 Slow                     Hex            ##......     2%          2    None
 Confuse                  Hex            ##......     6%          3    None
 Tukima's Dance           Hex            ##......     6%          3    None


Dungeon Overview and Level Annotations

Branches:
Dungeon (8/15)             Temple (1/1) D:5            Lair (0/6) D:8

Altars:
Ashenzari
Cheibriados
Dithmenos
Elyvilon
Fedhas
Gozag
Hepliaklqana
Kikubaaqudgha
Makhleb
Nemelex Xobeh
Okawaru
Qazlal
Ru
Sif Muna
Trog
Uskayaw
Vehumet
Wu Jian
Xom
Yredelemnul
Zin
The Shining One

Annotations:
D:3 3 runed translucent doors, LostGamesStreakFreak's ghost, amateur MiFi
D:6 2 transporters, Error4North's ghost, novice HOFi


Message History

Casting: Magic Dart (safe; 1% risk of failure)
Confirm with . or Enter, or press ? or * to list all spells.
You blink.
Something hits you but does no damage. The adder skeleton barely misses you.
Casting: Blink (safe; 1% risk of failure)
Confirm with . or Enter, or press ? or * to list all spells.
You blink.
A hound comes into view.
The electric eel shoots out a bolt of lightning at you!
The bolt of electricity misses you.
The bolt of electricity hits something!
Casting: Blink (safe; 1% risk of failure)
Confirm with . or Enter, or press ? or * to list all spells.
You blink.
Splash!
You fall into the shallow water.
Moving in this stuff is going to be slow.
An electric eel comes into view.
The electric eel shoots out a bolt of lightning at you!
The bolt of electricity hits you!
You die...

#§#####<.# #.#
#### #.# #{#
.#####§######
.............#
....;(.......###
..≈h≈...≈.......
..≈.≈≈≈;@≈...##
≈≈.≈.≈≈≈≈≈.≈.#
.≈≈;≈≈≈≈≈≈≈..#
.≈≈≈≈≈≈≈≈≈≈≈≈#
≈≈.≈.≈.≈≈≈≈≈..
≈≈....;≈≈≈≈≈###
≈.≈.>..≈≈≈≈≈#
≈≈.....≈≈≈≈≈#


You could see a hound and 4 electric eels.

Vanquished Creatures
  Pikel (D:7)
  A hippogriff (D:8)
  Duvessa (D:7)
  An ice beast (D:5)
  2 slaves (D:7)
  4 ogres
  2 black bears (D:7)
  2 phantoms
  2 bullfrogs
  A scorpion (D:6)
  Dowan (D:7)
  3 wights (D:7)
  3 jellies (D:7)
  2 crimson imps
  2 hounds
  A centaur skeleton (D:7)
  An iguana (D:7)
  2 orc wizards
  2 worker ants
  A hound zombie (D:7)
  A hound skeleton (D:7)
  4 adders
  An ooze (D:4)
  An adder skeleton (D:5)
  3 worms
  3 dart slugs
  5 leopard geckos
  12 orcs
  7 giant cockroaches
  4 goblins
  5 hobgoblins
  8 jackals
  10 kobolds
  3 quokkas
  3 ball pythons
  8 bats
  8 frilled lizards
  9 rats
130 creatures vanquished.

Vanquished Creatures (collateral kills)
  An orc wizard (D:7)
1 creature vanquished.

Vanquished Creatures (others)
  A worker ant (D:7)
1 creature vanquished.

Grand Total: 132 creatures vanquished

Notes
Turn   | Place    | Note
-------+----------+-------------------------------------------
     0 | D:1      | pk666 the Deep Elf Wizard began the quest for the Orb.
     0 | D:1      | Reached XP level 1. HP: 10/10 MP: 7/7
   203 | D:1      | Reached XP level 2. HP: 9/15 MP: 0/9
  1240 | D:1      | Learned a level 2 spell: Blink
  1307 | D:2      | Reached XP level 3. HP: 19/19 MP: 6/11
  1312 | D:2      | Learned a level 3 spell: Conjure Flame
  1316 | D:2      | Learned a level 3 spell: Mephitic Cloud
  1363 | D:2      | Found a blossoming altar of Fedhas.
  1455 | D:2      | Found a stormy altar of Qazlal.
  1455 | D:2      | Found an iron altar of Okawaru.
  1632 | D:2      | Reached skill level 5 in Spellcasting
  2214 | D:3      | Found a runed translucent gate.
  2214 | D:3      | Found a runed translucent gate.
  2214 | D:3      | Found a runed translucent gate.
  2280 | D:3      | Found a shimmering altar of Xom.
  2321 | D:3      | Reached XP level 4. HP: 19/24 MP: 4/13
  2822 | D:3      | Noticed LostGamesStreakFreak's ghost (amateur MiFi)
  2842 | D:3      | Reached XP level 5. HP: 28/28 MP: 6/15
  3137 | D:3      | HP: 1/28 [poisoned by an adder]
  3479 | D:3      | Found a white marble altar of Elyvilon.
  3736 | D:4      | Noticed an ogre
  3957 | D:3      | Killed an ogre
  3957 | D:3      | Reached skill level 6 in Spellcasting
  3957 | D:3      | Reached skill level 1 in Fire Magic
  3957 | D:3      | Reached skill level 1 in Air Magic
  3957 | D:3      | Reached skill level 1 in Poison Magic
  3957 | D:3      | Reached XP level 6. HP: 15/32 MP: 5/17
  4808 | D:4      | Found a glowing golden altar of the Shining One.
  5168 | D:4      | Reached XP level 7. HP: 36/36 MP: 11/19
  5511 | D:5      | Entered Level 5 of the Dungeon
  5907 | D:5      | Reached skill level 7 in Spellcasting
  6089 | D:5      | Found a staircase to the Ecumenical Temple.
  6098 | Temple   | Entered the Ecumenical Temple
  6115 | Temple   | Became a worshipper of Vehumet
  6644 | D:6      | Found a burning altar of Makhleb.
  6646 | D:6      | Found an iron altar of Okawaru.
  6757 | D:6      | Found a transporter.
  6759 | D:6      | Noticed Error4North's ghost (novice HOFi)
  6783 | D:6      | Noticed a wraith
  6795 | D:6      | Reached skill level 5 in Conjurations
  7231 | D:6      | Found a transporter.
  7231 | D:6      | Noticed a hungry ghost
  7982 | D:7      | Reached XP level 8. HP: 41/41 MP: 9/21
  8108 | D:7      | Reached skill level 8 in Spellcasting
  8384 | D:7      | Noticed Pikel
  8401 | D:7      | Killed Pikel
  8401 | D:7      | Reached skill level 5 in Fire Magic
  8751 | D:7      | Reached skill level 9 in Spellcasting
  8780 | D:7      | Noticed Dowan
  8781 | D:7      | Noticed Duvessa
  8792 | D:7      | Killed Dowan
  8798 | D:7      | Killed Duvessa
  9073 | D:7      | Reached * piety under Vehumet
  9073 | D:7      | Offered knowledge of Shock by Vehumet.
  9073 | D:7      | Reached XP level 9. HP: 45/45 MP: 12/24
  9190 | D:8      | Reached skill level 5 in Dodging
  9293 | D:8      | Found a staircase to the Lair.
  9293 | D:8      | Killed from afar by an electric eel

Levels and vault maps discovered:
D:1:      minmay_arrival_checkered_box, layout_basic
D:2:      layout_basic, fedhas_altar_3,
          chequers_temple_overflow_statue_of_worship
D:3:      minmay_diamond_boxcup, layout_rooms, xom_butterflies,
          elyvilon_altar_1, first_ration, ebering_ghost_rock_garden
D:4:      layout_loops_corners, kennysheep_little_box
D:5:      layout_rooms, minmay_temple_entry_statues_fountains,
          serial_park_tiny_2, bh_walls_and_bars
D:6:      layout_layer_cave, overflow_temple_1_default,
          gammafunk_ghost_mausoleum, okawaru_trees_1
D:7:      layout_basic, uniq_pikel, uniq_duvessa
D:8:      layout_loops_ring, erik_lair_island, serial_shops, nicolae_shop_stone,
          the_bakery, minmay_misc_feat_room
Temple:   regret_index_temple_waves

Skill      XL: |  1  2  3  4  5  6  7  8  9 |
---------------+----------------------------+-----
Dodging        | 3 4 5 |  5.1
Conjurations   | 2 3 4 5 7 |  7.1
Spellcasting   | 5 6 7 9 |  9.5
Fire Magic     | 1 2 3 5 6 |  6.1
Air Magic      | 1 2 |  2.1
Poison Magic   | 1 2 3 |  3.0
Stealth        | |  2.4
Summonings     | |  1.1
Translocations | |  1.1

Action                   |  1- 3 |  4- 6 |  7- 9 || total
-------------------------+-------+-------+-------++-------
Melee: Dagger            |    13 |     3 |    30 ||    46
 Cast: Magic Dart        |   123 |   146 |   246 ||   515
       Conjure Flame     |     1 |    11 |    10 ||    22
       Mephitic Cloud    |       |     2 |     9 ||    11
       Blink             |       |     1 |     3 ||     4
  Use: Scroll            |       |     4 |     4 ||     8
  Eat: Chunk             |     3 |    10 |     5 ||    18
       Ration            |       |       |     2 ||     2
Armor: Robe              |    11 |     4 |    11 ||    26
Dodge: Dodged            |    52 |    15 |    48 ||   115

Table legend:
 A = Non-vault XP
 B = Vault XP
 C = Vault XP percentage of total XP
 D = Non-vault monster count
 E = Vault monster count
 F = Vault count percentage of total count
                 A         B        C        D         E       F
            +---------+---------+-------+---------+---------+-------
      Total |    2597 |     610 |  19.0 |     117 |      12 |   9.3
            +---------+---------+-------+---------+---------+-------
        D:1 |      40 |       0 |   0.0 |      24 |       0 |   0.0
        D:2 |      48 |       0 |   0.0 |      19 |       0 |   0.0
        D:3 |     286 |      25 |   8.0 |      27 |       8 |  22.9
        D:4 |     384 |       0 |   0.0 |      15 |       0 |   0.0
        D:5 |     399 |       0 |   0.0 |       9 |       0 |   0.0
        D:6 |     169 |       0 |   0.0 |       2 |       0 |   0.0
        D:7 |    1005 |     543 |  35.1 |      20 |       3 |  13.0
        D:8 |     266 |      42 |  13.6 |       1 |       1 |  50.0
            +---------+---------+-------+---------+---------+-------
